 Dungeon Crawl Stone Soup version 0.20.0-15-g7f486f2 (webtiles) character file.

147 Hook the Magician (level 5, -1/39 HPs)
             Began as a Draconian Wizard on June 22, 2017.
             Slain by an adder (3 damage)
             ... on level 4 of the Dungeon.
             The game lasted 00:10:37 (3167 turns).

Hook the Magician (Draconian Wizard)                Turns: 3167, Time: 00:10:37

Health: -1/39      AC:  5    Str: 10    XL:     5   Next: 8%
Magic:  0/10       EV: 12    Int: 19    God:
Gold:   150        SH:  0    Dex:  9    Spells: 6/11 levels left

rFire    . . .     SeeInvis .   e - +0 hand axe
rCold    . . .     Gourm    .   (no shield)
rNeg     . . .     Faith    .   (armour unavailable)
rPois    .         Spirit   .   a - +0 hat
rElec    .         Reflect  .   (no cloak)
rCorr    .         Harm     .   (no gloves)
MR       .....                  (no boots)
Stlth    ++........             (no amulet)
Regen    0.2/turn               (no ring)
MPRegen  0.2/turn               (no ring)

@: no status effects
A: unfitting armour, cold-blooded, AC +5
a: no special abilities


You were on level 4 of the Dungeon.
You were not hungry.

You visited 1 branch of the dungeon, and saw 4 of its levels.

You collected 150 gold pieces.

Inventory:

Hand Weapons
 e - a +0 hand axe (weapon)
Missiles
 g - a throwing net (quivered)
Armour
 a - a +0 hat (worn)
Scrolls
 d - 3 scrolls of identify
 l - a scroll of amnesia {unknown}
 m - a scroll of noise {unknown}
 p - a scroll of remove curse {unknown}
Potions
 h - 2 potions of lignification
 i - a potion of heal wounds {unknown}
 j - a potion of cancellation {unknown}
 k - a potion of haste {unknown}
 n - a potion of curing
 o - a potion of might
Books
 b - a book of Minor Magic

   Spells                             Type                      Level
   a - Magic Dart                     Conjuration                  1
   b - Blink                          Translocation                2
   c - Call Imp                       Summoning                    2
   d - Slow                           Hexes                        2
   e - Conjure Flame                  Conjuration/Fire             3
   f - Mephitic Cloud                 Conjuration/Poison/Air       3
Comestibles
 c - 6 chunks of flesh
 f - a royal jelly


   Skills:
 + Level 0.9 Fighting
 + Level 1.4 Axes
 * Level 3.0 Dodging
 + Level 2.1 Stealth
 * Level 3.7 Spellcasting
 * Level 2.0 Conjurations
 + Level 1.2 Summonings
 + Level 1.0 Translocations


You had 6 spell levels left.
You knew the following spells:

 Your Spells              Type           Power        Failure   Level  Hunger
a - Magic Dart            Conj           ##..         6%          1    None
b - Call Imp              Summ           #.......     13%         2    ##.....
c - Blink                 Tloc           N/A          14%         2    ##.....


Dungeon Overview and Level Annotations

Branches:
Dungeon (4/15)
 Temple: D:4-7

Altars:
Cheibriados
Xom

Annotations:
D:3 Grinder, Sigmund


Innate Abilities, Weirdness & Mutations

Your plain brown scales are hard. (AC +5)
You cannot fit into any form of body armour.
You are cold-blooded and may be slowed by cold attacks.


Message History

The orc priest is almost dead.
The ogre shouts!
Some of the chunks of flesh in your inventory have rotted away. 2 jackals come into view.
Casting: Magic Dart
Confirm with . or Enter, or press ? or * to list all spells.
Aiming: Magic Dart
Press: ? - help, Shift-Dir - straight line, f/p - orc priest
Aim: an orc priest, wielding a war axe (almost dead)
The magic dart hits the orc priest.
You kill the orc priest!
Your Dodging skill increases to level 3!
You have reached level 5!
The jackal barks!
The adder hisses angrily. 2 gnolls come into view. 2 jackals come into view.
The adder bites you.
* * * LOW HITPOINT WARNING * * *
The adder bites you.
You die...

≈≈....≈≈≈
.....g..
g..h..
#.h..#
#....#
#....#
#hOh.#
#.S).#?..
#@.......
#.........
##........
#........
#.###....
#.# ....
.# .. ..


You could see an ogre, 2 gnolls, an adder and 4 jackals.

Vanquished Creatures
  An orc priest (D:4)
  3 adders
  3 oozes (D:2)
  A dart slug (D:1)
  A leopard gecko (D:1)
  3 orcs (D:3)
  5 giant cockroaches
  7 goblins
  9 hobgoblins
  8 jackals
  9 kobolds
  A ball python (D:2)
  6 bats
  5 frilled lizards
  6 rats
68 creatures vanquished.

Vanquished Creatures (collateral kills)
  A worm (D:2)
  A dart slug (D:1)
  An orc (D:3)
  2 bats (D:3)
  A goblin (D:1)
  5 jackals
11 creatures vanquished.

Grand Total: 79 creatures vanquished

Notes
Turn   | Place    | Note
-------+----------+-------------------------------------------
     0 | D:1      | Hook the Draconian Wizard began the quest for the Orb.
     0 | D:1      | Reached XP level 1. HP: 14/14 MP: 4/4
   385 | D:1      | Reached XP level 2. HP: 19/20 MP: 1/6
   436 | D:1      | Learned a level 2 spell: Call Imp
   898 | D:1      | Reached XP level 3. HP: 22/26 MP: 0/7
   943 | D:1      | Learned a level 2 spell: Blink
  1532 | D:2      | Reached skill level 1 in Axes
  1536 | D:2      | Reached XP level 4. HP: 28/34 MP: 3/9
  1954 | D:2      | Found a snail-covered altar of Cheibriados.
  2457 | D:2      | Found a shimmering altar of Xom.
  2564 | D:3      | Noticed Sigmund
  3116 | D:3      | Noticed Grinder
  3161 | D:4      | Noticed an ogre
  3165 | D:4      | Reached XP level 5. HP: 6/39 MP: 0/10
  3167 | D:4      | Slain by an adder

Skill      XL: |  1  2  3  4 |
---------------+-------------+-----
Dodging        | 2 3 |  3.0
Axes           | 1 |  1.4
Stealth        | 2 |  2.1
Conjurations   | 2 |  2.0
Fighting       | |  0.9
Spellcasting   | |  3.7
Summonings     | |  1.2
Translocations | |  1.0

Action                   |  1- 3 |  4- 6 || total
-------------------------+-------+-------++-------
Melee: Hand axe          |    77 |    80 ||   157
       Unarmed           |     3 |       ||     3
       Tailslap          |     6 |     7 ||    13
 Cast: Magic Dart        |    65 |    43 ||   108
       Call Imp          |     5 |     7 ||    12
  Use: Scroll            |     1 |     3 ||     4
 Stab: Sleeping          |     1 |     2 ||     3
  Eat: Chunk             |     2 |     1 ||     3
       Bread ration      |       |     1 ||     1
Armor: Skin              |    34 |    32 ||    66
Dodge: Dodged            |    78 |    78 ||   156
